 Dungeon Crawl Stone Soup version 0.20-a0-259-gc929cd2 (webtiles) character file.

2076 Glaeka the Spear-Bearer (level 9, -4/47 HPs)
             Began as a Vine Stalker Monk on Dec 2, 2016.
             Was a Priest of Zin.
             Slain by an orc warrior
             ... wielding a +0 halberd
              (12 damage)
             ... on level 8 of the Dungeon.
             The game lasted 00:35:16 (3611 turns).

Glaeka the Spear-Bearer (Vine Stalker Monk)         Turns: 3611, Time: 00:35:18

Health: -4/47      AC: 11    Str: 16    XL:     9   Next: 26%
Magic:  0/10       EV:  5    Int: 10    God:    Zin [***...]
Gold:   167        SH:  0    Dex: 18    Spells: 8/8 levels left

rFire  . . .     SeeInvis .     a - +1 halberd
rCold  . . .     Gourm    .     h - +0 plate armour
rNeg   . . .     Faith    .     (shield currently unavailable)
rPois  .         Spirit   +     (no helmet)
rElec  .         Reflect  .     (no cloak)
rCorr  .         Harm     .     (no gloves)
MR     +....                    (no boots)
Stlth  ..........               (no amulet)
                                (no ring)
                                y - ring of stealth

@: short of breath, reciting
A: fangs 3, regeneration 1, magic shield, antimagic bite, no device heal 3, rot
immunity
a: Recite, Vitalisation, Imprison, Donate Gold, Renounce Religion


You were on level 8 of the Dungeon.
You worshipped Zin.
Zin was most pleased with you.
You were not hungry.

You visited 2 branches of the dungeon, and saw 9 of its levels.
You also visited: Ossuary.

You collected 185 gold pieces.
You donated 18 gold pieces to Zin.

Inventory:

Hand Weapons
 a - a +1 halberd (weapon)
 m - a +0 spear
Missiles
 e - 3 javelins (quivered)
 f - 14 poisoned needles
Armour
 b - a +0 robe
 h - a +0 plate armour (worn)
Jewellery
 n - an uncursed amulet of magic regeneration
 w - an uncursed amulet of magic regeneration
 y - a ring of stealth (left hand)
Wands
 z - a wand of paralysis (14/24)
Scrolls
 d - 3 scrolls of teleportation {unknown}
 g - 2 scrolls of fog
 j - 2 scrolls of blinking
 k - a scroll of recharging
 l - 3 scrolls of enchant weapon
 o - 2 scrolls of identify
 q - 2 scrolls of noise {unknown}
 r - a scroll of random uselessness {unknown}
 t - a scroll of remove curse {unknown}
 u - a scroll of amnesia {unknown}
 x - a scroll of enchant armour {unknown}
Potions
 i - 6 potions of curing
 p - 2 potions of cure mutation {unknown}
 s - 4 potions of agility {unknown}
 v - a potion of cancellation {unknown}
Books
 C - a book of Callings

   Spells                             Type                      Level
   a - Summon Small Mammal            Summoning                    1
   b - Call Imp                       Summoning                    2
   c - Call Canine Familiar           Summoning                    3
   d - Summon Guardian Golem          Hexes/Summoning              3
   e - Summon Lightning Spire         Summoning/Air                4
   f - Summon Ice Beast               Ice/Summoning                4
Comestibles
 c - 2 bread rations
 A - 3 meat rations
 B - a chunk of flesh


   Skills:
 + Level 5.4 Fighting
 * Level 9.4 Polearms
 + Level 2.0 Throwing
 + Level 2.3 Armour
 - Level 2.4 Dodging
 - Level 2.4 Stealth
 + Level 1.2 Invocations


You had 8 spell levels left.
You didn't know any spells.

Dungeon Overview and Level Annotations

Branches:
Dungeon (8/15)             Temple (1/1) D:5
   Lair: D:8-11

Altars:
Cheibriados
Elyvilon
Gozag
Okawaru
Ru
Trog
Zin

Annotations:
D:3 Purgy
D:6 0gre's ghost, novice GrFi


Innate Abilities, Weirdness & Mutations

You have razor-sharp teeth.
Your natural rate of healing is unusually fast.
When hurt, damage is shared between your health and your magic reserves.
Your bite disrupts and absorbs the magic of your enemies.
Potions and wands cannot restore your health.
You are immune to rotting.


Message History

You bite the orc warrior, but do no damage.
The orc warrior is moderately wounded.
You have got your breath back.
The orc warrior closely misses you.
Something barely misses the orc.
You clear your throat and prepare to recite. "And Zin decreed that the people would be..."
The orc warrior is smitten by the wrath of Zin.
The orc warrior is heavily wounded.
The orc is limned with silver light.
The orc shouts!
The orc is limned with silver light.
The orc shouts!
The orc warrior hits you with a halberd!
* * * LOW HITPOINT WARNING * * *
You hit the orc warrior.
The orc warrior is severely wounded. "...protected from doubt in all its forms, and..."
The orc is limned with silver light.
The orc warrior hits you with a halberd!
You die...

.. .. .. ####.
##... ...
...#########.#
#......<(..#.#
####....##.#@#
#.....#.#o#
#.......#o#+####
#.......ooO....#
#.............$#
#..............#
#..............#
#..>...%..(....#
...............#


You could see an orc warrior, an ogre and 3 orcs.

Vanquished Creatures
  A warg (D:8)
  A phantom (D:5)
  3 ogres
  A centaur (D:8)
  2 bullfrogs
  A water moccasin skeleton (D:6)
  2 howler monkeys
  2 bullfrog zombies (Ossuary)
  A crimson imp (D:5)
  A centaur zombie (Ossuary)
  2 hounds (D:5)
  2 orc priests
  2 bullfrog skeletons (D:5)
  3 centaur skeletons
  Jessica (D:3)
  2 iguanas (D:7)
  3 orc wizards
  5 worker ants
  2 killer bee zombies (Ossuary)
  3 hound zombies (Ossuary)
  A hound skeleton (D:6)
  4 worker ant zombies
  3 howler monkey zombies
  15 mummies
  7 adders
  An ooze (D:6)
  2 adder zombies
  2 worms
  3 dart slugs
  2 leopard geckos
  14 orcs
  3 bats
  3 giant cockroaches
  7 goblins
  8 hobgoblins
  7 jackals
  6 kobolds
  3 quokkas
  3 frilled lizards
  3 giant cockroach zombies (Ossuary)
  A hobgoblin zombie (D:4)
  A leopard gecko skeleton (D:5)
  A leopard gecko zombie (Ossuary)
  An orc zombie (D:4)
  5 rats
146 creatures vanquished.

Notes
Turn   | Place    | Note
-------+----------+-------------------------------------------
     0 | D:1      | Glaeka the Vine Stalker Monk began the quest for the Orb.
     0 | D:1      | Reached XP level 1. HP: 11/11 MP: 2/2
    82 | D:1      | Reached skill level 3 in Polearms
   136 | D:1      | Reached XP level 2. HP: 8/16 MP: 3/3
   424 | D:1      | Reached XP level 3. HP: 19/20 MP: 4/4
  1210 | D:2      | Gained mutation: Your natural rate of healing is unusually fast. [Vine Stalker growth]
  1210 | D:2      | Reached XP level 4. HP: 24/24 MP: 5/5
  1295 | D:3      | Reached skill level 4 in Polearms
  1401 | D:3      | HP: 1/24 [something/puff of flame (4)]
  1403 | D:3      | Reached skill level 1 in Throwing
  1403 | D:3      | Reached XP level 5. HP: 2/28 MP: 2/6
  1464 | D:3      | Noticed Jessica
  1483 | D:3      | Killed Jessica
  1498 | D:3      | Noticed Purgy
  1522 | D:4      | Reached skill level 5 in Polearms
  1522 | D:4      | Reached XP level 6. HP: 32/32 MP: 7/7
  1710 | D:4      | Found a sand-covered staircase.
  1746 | Ossuary  | Entered an ossuary
  1795 | Ossuary  | Reached skill level 6 in Polearms
  1795 | Ossuary  | Reached XP level 7. HP: 37/37 MP: 8/8
  1834 | Ossuary  | Reached skill level 1 in Armour
  2006 | Ossuary  | Reached skill level 7 in Polearms
  2597 | D:5      | Entered Level 5 of the Dungeon
  2643 | D:5      | Gained mutation: You have razor-sharp teeth. [Vine Stalker growth]
  2643 | D:5      | Reached XP level 8. HP: 42/42 MP: 9/9
  2652 | D:5      | Found a staircase to the Ecumenical Temple.
  2666 | Temple   | Entered the Ecumenical Temple
  2670 | Temple   | Became a worshipper of Zin the Law-Giver
  2670 | Temple   | Reached * piety under Zin
  2670 | Temple   | Reached ** piety under Zin
  2830 | D:5      | Reached skill level 8 in Polearms
  3206 | D:6      | Reached skill level 5 in Fighting
  3292 | D:6      | Found a sacrificial altar of Ru.
  3302 | D:6      | Reached skill level 9 in Polearms
  3302 | D:6      | Reached skill level 1 in Invocations
  3302 | D:6      | Reached XP level 9. HP: 30/47 MP: 5/10
  3368 | D:6      | Noticed 0gre's ghost (novice GrFi)
  3505 | D:7      | Reached *** piety under Zin
  3522 | D:7      | Found an iron altar of Okawaru.
  3552 | D:8      | HP: 2/47 [centaur (3)]
  3611 | D:8      | Slain by an orc warrior

Vault maps used:
D:1:      eino_arrival_water_star, minmay_misc_feat_iff
D:3:      first_bread, minivault_5, hex_tiny, uniq_purgy, uniq_jessica
D:4:      nicolae_ossuary_entry_giza
D:6:      nicolae_ru_sacrificial_ziggurat
D:7:      lemuel_castle_with_subvaults, basic_altar, okawaru_metal_pillars_1_2
D:8:      nicolae_dithmenos_through_a_glass_darkly
Temple:   compressed_dpeg_circular_temple
Ossuary:  ossuary_zaba_flooded

Skill      XL: |  1  2  3  4  5  6  7  8  9 |
---------------+----------------------------+-----
Polearms       | 3 4 5 6 7 9 |  9.4
Fighting       | 3 4 5 |  5.4
Throwing       | 1 2 |  2.0
Armour         | 1 2 |  2.3
Invocations    | 1 |  1.2
Dodging        | |  2.4
Stealth        | |  2.4

Action                   |  1- 3 |  4- 6 |  7- 9 || total
-------------------------+-------+-------+-------++-------
Melee: Spear             |   115 |    48 |       ||   163
       Bite              |    32 |    38 |    81 ||   151
       Halberd           |       |    97 |   290 ||   387
Throw: Javelin           |    21 |    17 |    23 ||    61
Invok: Recite            |       |       |     9 ||     9
  Use: Scroll            |       |     2 |     5 ||     7
  Eat: Chunk             |     1 |     2 |     2 ||     5
       Bread ration      |       |       |     1 ||     1
Armor: Robe              |     2 |       |       ||     2
       Plate armour      |    43 |    61 |   124 ||   228
Dodge: Dodged            |    21 |    24 |    64 ||   109
